 Dungeon Crawl Stone Soup version 0.29.1-2-gbd0b4ee654 (webtiles) character file.

Game seed: 6740305794174382680

64 sanboga the Chopper (level 3, -1/33 HPs)
             Began as a Minotaur Monk on Nov 20, 2022.
             Slain by an orc priest
             ... wielding a +0 morningstar
              (10 damage)
             ... on level 3 of the Dungeon.
             The game lasted 00:02:52 (2092 turns).

sanboga the Chopper (Minotaur Monk)                 Turns: 2092, Time: 00:02:53

Health: -1/33      AC:  3    Str: 17    XL:     3   Next: 91%
Magic:  2/2        EV: 12    Int:  7    God:
Gold:   91         SH:  0    Dex: 12    Spells: 2/2 levels left

rFire   . . .      SeeInvis .   a - +0 hand axe
rCold   . . .      Faith    .   (no shield)
rNeg    . . .      Spirit   .   b - +0 robe
rPois   .          Reflect  .   (helmet restricted)
rElec   .          Harm     .   j - +0 cloak
rCorr   .          Rampage  .   (no gloves)
Will    .....                   (no boots)
Stlth   ++........              (no amulet)
HPRegen 0.11/turn               (no ring)
MPRegen 0.08/turn               (no ring)

@: no status effects
A: horns 2, retaliatory headbutt
a: no special abilities


You were on level 3 of the Dungeon.
You visited 1 branch of the dungeon, and saw 3 of its levels.

You collected 91 gold pieces.

Inventory:

Hand Weapons
 a - a +0 hand axe (weapon)
Armour
 b - a +0 robe (worn)
 j - a +0 cloak (worn)
Scrolls
 d - 3 scrolls of noise {unknown}
 f - 3 scrolls of fear {unknown}
 g - a scroll of torment {unknown}
 i - a scroll of blinking {unknown}
 k - a scroll of identify {unknown}
 l - a scroll of poison {unknown}
Potions
 e - a potion of lignification {unknown}


   Skills:
 + Level 4.2 Fighting
 * Level 4.9 Axes
 + Level 2.0 Armour
 - Level 3.2 Dodging
 - Level 1.5 Stealth


You had 2 spell levels left.
You didn't know any spells.
Your spell library was empty.

Dungeon Overview and Level Annotations

Branches:
Dungeon (3/15)

Altars:


Innate Abilities, Weirdness & Mutations

You have a pair of horns on your head.
You reflexively headbutt those who attack you in melee.


Message History

Beogh smites you!
You are too injured to fight recklessly!
You are confused.
You feel invigorated. Something hits you but does no damage.
The orc priest misses you.
You hit the orc priest.
The orc priest is moderately wounded.
You barely miss something. Something hits you but does no damage.
The orc priest closely misses you.
You hit the orc priest but do no damage.
The orc priest is moderately wounded.
You completely miss something. Something hits you but does no damage.
The orc priest closely misses you. Something hits you but does no damage.
The orc priest attacks as you move away!
The orc priest closely misses you.
The orc priest looks braver for a moment.
You hit something. Your headbutt misses something.
You bump into the rock wall.
Something hits you but does no damage. The orc barely misses you.
You hear some strange, mumbled words.
A puff of flame appears from out of thin air!
The puff of flame hits you!
You bump into the rock wall.
Something hits you. The orc hits you with a +0 mace.
You're too confused to move!
You feel less invigorated.
You feel less confused. The orc hits you with a +0 mace.
Something hits you but does no damage.
You completely miss the orc. You headbutt the orc.
You kill the orc!
You closely miss something. Something hits you.
You hit the orc priest but do no damage.
The orc priest is moderately wounded.
You hit something but do no damage.
You hear some strange, mumbled words.
A puff of flame appears from out of thin air!
The puff of flame hits you!
* * * LOW HITPOINT WARNING * * *
The orc priest hits you with a +0 morningstar!
You die...

.### #### .... ... ...
# ##.. ..##. #...
.......# ..# ...
...##... ..#####
#.#)###.......
.......# #.l.o@.#
#.#.>.#..#..#
#.#.#{#.#
#.##.###....#
#.#.#.###.#...#.....#
#..........#.#......#
###.#...............#
#..#.##..###......#
.........#.#.#.#.....#
########.#.##.####.#.#
.#.###.....#.#


You could see an orc priest and a frilled lizard.

Vanquished Creatures
  An adder (D:2)
  A worm (D:2)
  A dart slug (D:2)
  3 orcs (D:3)
  4 ball pythons
  2 bats (D:1)
  2 endoplasms
  A giant cockroach (D:1)
  8 goblins
  4 hobgoblins (D:2)
  6 jackals (D:2)
  A quokka (D:1)
  5 frilled lizards
  3 rats
42 creatures vanquished.

Notes
Turn   | Place    | Note
-------+----------+-------------------------------------------
     0 | D:1      | sanboga the Minotaur Monk began the quest for the Orb.
     0 | D:1      | Reached XP level 1. HP: 19/19 MP: 0/0
   474 | D:1      | Reached XP level 2. HP: 26/27 MP: 1/1
   553 | D:1      | Reached skill level 1 in Armour
   928 | D:2      | Reached XP level 3. HP: 31/33 MP: 2/2
  2092 | D:3      | Slain by an orc priest

Illustrated notes

Levels and vault maps discovered:
D:1:      dpeg_arrival_concentric_ovals, layout_loops_ring,
          corexii_corridor_pit, minmay_lizard_pond
D:2:      layout_basic, corexii_shack, minmay_goblin_outpost
D:3:      layout_loops_ring, mainiacjoe_overflow_big_doors

Skill      XL: |  1  2  3 |
---------------+----------+-----
Axes           | 4 |  4.9
Armour         | 1 2 |  2.0
Fighting       | 4 |  4.2
Dodging        | |  3.2
Stealth        | |  1.5

Action                   || total
-------------------------++-------
Melee: Hand axe          ||    85
       Headbutt          ||    14
       Punch             ||     1
  Use: Potion            ||     2
 Stab: Sleeping          ||     3
Armor: Robe              ||    17
Dodge: Dodged            ||    66
